 Dungeon Crawl Stone Soup version 0.28.0-43-g3370ac3207 (webtiles) character file.

Game seed: 1519201487359843297

923 Zeld the Magician (level 7, -11/36 HPs)
             Began as a Deep Elf Fire Elementalist on Mar 22, 2022.
             Was an Initiate of Vehumet.
             Killed by divine providence
             ... invoked by an orc priest
              (13 damage)
             ... on level 6 of the Dungeon.
             The game lasted 00:11:20 (6535 turns).

Zeld the Magician (Deep Elf Fire Elementalist)      Turns: 6535, Time: 00:11:21

Health: -11/36     AC:  5    Str:  5    XL:     7   Next: 84%
Magic:  2/19       EV: 13    Int: 22    God:    Vehumet [......]
Gold:   1088       SH:  0    Dex: 15    Spells: 8/19 levels left

rFire   . . .      SeeInvis .   a - +3 long sword (spect)
rCold   . . .      Faith    .   (no shield)
rNeg    . . .      Spirit   .   e - +0 robe
rPois   .          Reflect  .   (no helmet)
rElec   .          Harm     .   (no cloak)
rCorr   .          Rampage  .   g - +1 pair of gloves
Will    .....                   i - +0 pair of boots
Stlth   +++.......              (no amulet)
HPRegen 0.12/turn               (no ring)
MPRegen 0.16/turn               (no ring)

@: no status effects
A: no striking features
a: Renounce Religion


You were on level 6 of the Dungeon.
You worshipped Vehumet.
Vehumet was noncommittal.
You visited 2 branches of the dungeon, and saw 7 of its levels.
You also visited: Sewer and Ossuary.

You collected 1088 gold pieces.

Inventory:

Hand Weapons
 a - a +3 spectral long sword (weapon)
Armour
 e - a +0 robe (worn)
 g - a +1 pair of gloves (worn)
 i - a +0 pair of boots (worn)
Wands
 l - a wand of flame (16)
 v - a wand of digging (4)
Scrolls
 b - 3 scrolls of magic mapping
 h - a scroll of amnesia
 j - a scroll of enchant weapon
 n - a scroll of silence
 p - 2 scrolls of blinking
 q - a scroll of fog
 r - a scroll of enchant armour
 s - 3 scrolls of vulnerability {unknown}
 u - 2 scrolls of teleportation {unknown}
Potions
 c - a potion of degeneration {unknown}
 d - 4 potions of curing {unknown}
 f - a potion of heal wounds {unknown}
 k - 2 potions of might {unknown}
 m - 2 potions of lignification {unknown}
 o - 2 potions of brilliance {unknown}
 t - a potion of attraction {unknown}
 w - a potion of mutation {unknown}
 x - 2 potions of invisibility {unknown}
 z - a potion of cancellation {unknown}


   Skills:
 + Level 2.4 Long Blades
 - Level 4.0 Dodging
 + Level 4.7 Stealth
 * Level 6.8 Spellcasting
 + Level 3.5 Conjurations
 * Level 6.0 Fire Magic


You had 8 spell levels left.
You knew the following spells:

 Your Spells              Type           Power      Damage    Failure   Level
a - Foxfire               Conj/Fire      100%       2x1d9     1%          1
b - Scorch                Fire           68%        2d8       1%          2
c - Flame Wave            Conj/Fire      28%        2d8       12%         4
d - Sticky Flame          Conj/Fire      28%        2d5       12%         4

Your spell library contained the following spells:

 Spells                   Type           Power      Damage    Failure   Level
 Conjure Flame            Conj/Fire      28%        6-21      3%          3
 Static Discharge         Conj/Air       15%        N/A       6%          2
 Inner Flame              Hex/Fire       20%        N/A       8%          3
 Freeze                   Ice            28%        1d5       9%          1
 Frozen Ramparts          Ice            14%        1d3       26%         3
 Ozocubu's Armour         Ice            7%         N/A       26%         3
 Hailstorm                Conj/Ice       15%        3d5       38%         4
 Dispel Undead            Necr           7%         3d8       63%         4
 Metabolic Englaciation   Hex/Ice        3%         N/A       93%         5
 Simulacrum               Ice/Necr       3%         N/A       100%        6
 Ozocubu's Refrigeration  Ice            3%         4d5       100%        7


Dungeon Overview and Level Annotations

Branches:
Dungeon (6/15)             Temple (1/1) D:5           Sewer (visited)
Ossuary (visited)

Altars:
Ashenzari
Cheibriados
Dithmenos
Elyvilon
Fedhas
Gozag
Hepliaklqana
Kikubaaqudgha
Makhleb
Nemelex Xobeh
Okawaru
Qazlal
Ru
Trog
Uskayaw
Vehumet
Wu Jian
Xom
Yredelemnul
Zin
The Shining One


Message History

An orc priest comes into view. It is wielding a +0 flail.
Casting: Foxfire (safe; 1% risk of failure)
Confirm with . or Enter, or press ? or * to list all spells.
You conjure some foxfire!
The foxfire hits the orc priest but does no damage.
The orc priest is heavily wounded.
The foxfire hits the orc priest but does no damage.
The orc priest is heavily wounded.
The orc priest begins to cast a cantrip, but forgets the words!
Casting: Foxfire (safe; 1% risk of failure)
Confirm with . or Enter, or press ? or * to list all spells.
You conjure some foxfire!
The foxfire hits the orc priest.
The orc priest is severely wounded.
The foxfire hits the orc priest.
The orc priest is almost dead.
The orc priest calls upon Beogh to heal the orc priest.
The orc priest is healed somewhat.
The orc priest invokes the aid of Beogh against you.
Pain shoots through your body!
An ufetubus comes into view.
You hear a shout! x2
Casting: Foxfire (safe; 1% risk of failure)
Confirm with . or Enter, or press ? or * to list all spells.
You conjure some foxfire!
The foxfire hits the orc priest!
The orc priest is almost dead.
The foxfire hits the orc priest but does no damage.
The orc priest is almost dead.
Unknown command.
The foxfire hits the orc priest but does no damage.
The orc priest is almost dead.
The foxfire hits the orc priest but does no damage.
The orc priest is almost dead.
The orc priest mumbles some strange prayers to Beogh against you.
Beogh smites you!
The orc priest mumbles some strange prayers to Beogh against you.
Beogh smites you!
* * * LOW HITPOINT WARNING * * *
The orc priest mumbles some strange prayers to Beogh against you.
Beogh smites you!
You die...

#........# #[.......#
#........# ####.......#
#### #.....###.## ...#
#.##.####.#
##^######.##.# #..#
#.#.........# #.## #
##....######.# #@# ..#
<............###5##...##
.##.#.#####......)......
###.#.# ##.##.o..##.##
..#.. ....### ..####.
#.###o# .## .# # #)# #
... ...


You could see 2 orc priests and an ufetubus.

Vanquished Creatures
  A hornet (D:4)
  A water moccasin (D:5)
  A centaur (D:6)
  2 jellies
  3 centaur zombies (Ossuary)
  2 iguanas
  3 mummies (Ossuary)
  3 gnolls (D:5)
  A howler monkey skeleton (D:6)
  12 adders
  2 river rats (Sewer)
  An ufetubus (D:4)
  A worm zombie (D:4)
  5 worms
  2 dart slugs
  10 orcs
  4 bats
  7 endoplasms
  4 giant cockroaches
  6 goblins
  7 hobgoblins
  4 jackals (D:1)
  5 kobolds
  7 ball pythons
  7 frilled lizards
  4 hobgoblin zombies (Ossuary)
  A quokka skeleton (D:4)
  7 rats
113 creatures vanquished.

Vanquished Creatures (others)
  287 foxfires
287 creatures vanquished.

Grand Total: 400 creatures vanquished

Notes
Turn   | Place    | Note
-------+----------+-------------------------------------------
     0 | D:1      | Zeld the Deep Elf Fire Elementalist began the quest for the
                  | Orb.
     0 | D:1      | Reached XP level 1. HP: 10/10 MP: 6/6
   456 | D:1      | Reached XP level 2. HP: 15/15 MP: 5/8
   459 | D:1      | Learned a level 2 spell: Scorch
   698 | D:1      | Got the Grimoire of Ice
  1268 | D:2      | Reached XP level 3. HP: 19/19 MP: 7/10
  1790 | D:2      | Found a faded altar of an unknown god.
  2090 | D:3      | Reached XP level 4. HP: 24/24 MP: 6/11
  2096 | D:3      | Learned a level 4 spell: Flame Wave
  2159 | D:3      | Found a glowing drain.
  2211 | Sewer    | Entered a sewer
  2442 | Sewer    | Reached skill level 1 in Long Blades
  2592 | Sewer    | Reached XP level 5. HP: 28/28 MP: 10/13
  3471 | D:4      | Found a sand-covered staircase.
  3484 | Ossuary  | Entered an ossuary
  3495 | Ossuary  | Reached XP level 6. HP: 14/32 MP: 1/15
  3712 | Ossuary  | Reached skill level 5 in Spellcasting
  4192 | D:4      | Noticed a hornet
  4201 | D:4      | Killed a hornet
  4202 | D:4      | Reached skill level 5 in Fire Magic
  4202 | D:4      | Reached XP level 7. HP: 8/36 MP: 5/17
  5161 | D:5      | Entered Level 5 of the Dungeon
  5163 | D:5      | Identified a scroll of acquirement
  5163 | D:5      | Acquired 871 gold pieces
  5710 | D:5      | Found a staircase to the Ecumenical Temple.
  6114 | Temple   | Entered the Ecumenical Temple
  6214 | Temple   | Became a worshipper of Vehumet
  6498 | D:6      | Learned a level 4 spell: Sticky Flame
  6535 | D:6      | Killed from afar by an orc priest

Illustrated notes

Levels and vault maps discovered:
D:1:      dpeg_arrival_pond, layout_basic
D:2:      layout_rooms, dreamdust_ecumenical_altar_angels_and_demons
D:3:      layout_rooms, cheibrodos_sewer_entry_bend
D:4:      layout_loops_corners, enter_ossuary_3
D:5:      layout_basic, minmay_temple_entry_fiery,
          corexii_item_surrounded_by_moat
D:6:      layout_rooms, serial_park_tiny_2, kennysheep_generic_room_7
Temple:   mainiacjoe_temple_hex_bubbles

Skill      XL: |  1  2  3  4  5  6  7 |
---------------+----------------------+-----
Stealth        | 3 4 |  4.7
Fire Magic     | 4 5 6 |  6.0
Spellcasting   | 4 5 6 |  6.8
Dodging        | 3 4 |  4.0
Conjurations   | 2 3 |  3.5
Long Blades    | 1 2 |  2.4

Action                   |  1- 3 |  4- 6 |  7- 9 || total
-------------------------+-------+-------+-------++-------
Melee: Long sword        |       |    23 |       ||    23
 Cast: Foxfire           |    70 |    34 |    66 ||   170
       Scorch            |     9 |    47 |     5 ||    61
       Flame Wave        |       |     2 |       ||     2
  Use: Scroll            |       |     6 |     7 ||    13
Armor: Robe              |     5 |    28 |       ||    33
Dodge: Dodged            |     8 |    58 |     1 ||    67
